 Dungeon Crawl Stone Soup version 0.21.1-1-g345015fe64 (webtiles) character file.

30 Ethylacetat the Insei (level 3, -2/26 HPs)
             Began as a Demonspawn Transmuter on June 12, 2018.
             Slain by Natasha (3 damage)
             ... on level 2 of the Dungeon.
             The game lasted 00:09:38 (1142 turns).

Ethylacetat the Insei (Demonspawn Transmuter)       Turns: 1142, Time: 00:09:39

Health: -2/26      AC:  2    Str: 10    XL:     3   Next: 3%
Magic:  3/6        EV: 12    Int: 14    God:
Gold:   45         SH:  0    Dex: 14    Spells: 2/6 levels left

rFire    . . .     SeeInvis .     - Unarmed
rCold    . . .     Gourm    +   (no shield)
rNeg     . . .     Faith    .   b - +0 robe
rPois    .         Spirit   .   (no helmet)
rElec    .         Reflect  .   (no cloak)
rCorr    .         Harm     .   (no gloves)
MR       .....                  (no boots)
Stlth    +.........             k - amulet of the gourmand
HPRegen  0.08/turn              (no ring)
MPRegen  0.10/turn              (no ring)

@: confused, very slightly contaminated, slowed, very slow
A: sturdy frame 1
a: no special abilities


You were on level 2 of the Dungeon.
You were hungry.

You visited 1 branch of the dungeon, and saw 2 of its levels.

You collected 45 gold pieces.

Inventory:

Armour
 b - a +0 robe (worn)
Jewellery
 k - an amulet of the gourmand (around neck)
Scrolls
 f - a scroll of fear {unknown}
 j - a scroll of identify {unknown}
Potions
 a - a potion of haste {unknown}
 e - 2 potions of curing
 g - 2 potions of might {unknown}
 h - 3 potions of flight {unknown}
 i - a potion of heal wounds {unknown}
Books
 c - a book of Changes

   Spells                             Type                      Level
   a - Beastly Appendage              Transmutation                1
   b - Sticks to Snakes               Transmutation                2
   c - Spider Form                    Transmutation/Poison         3
   d - Ice Form                       Ice/Transmutation            4
   e - Blade Hands                    Transmutation                5
Comestibles
 d - 2 rations


   Skills:
 + Level 1.4 Fighting
 - Level 1.7 Dodging
 * Level 3.2 Unarmed Combat
 + Level 2.3 Spellcasting
 + Level 2.1 Transmutations


You had 2 spell levels left.
You knew the following spells:

 Your Spells              Type           Power        Failure   Level  Hunger
a - Beastly Appendage     Tmut           #.....       10%         1    #......
b - Spider Form           Tmut/Pois      #.........   41%         3    ###....


Dungeon Overview and Level Annotations

Branches:
Dungeon (2/15)

Altars:

Annotations:
D:2 Natasha


Innate Abilities, Weirdness & Mutations

Your movements are slightly less encumbered by armour. (ER -2)


Message History

Natasha barely misses you. Natasha completely misses you.
Natasha barely misses you. Natasha completely misses you.
Casting: Beastly Appendage
Confirm with . or Enter, or press ? or * to list all spells.
You miscast Spider Form.
You are very lightly contaminated with residual magic.
You are engulfed in noxious fumes.
You choke on the stench!
You are confused.
* * * LOW HITPOINT WARNING * * *
Natasha wildly gestures.
You feel troubled. Natasha closely misses you.
You bump into the rock wall.
You are engulfed in noxious fumes.
You choke on the stench!
You are more confused.
* * * LOW HITPOINT WARNING * * *
Natasha claws you.
You die...

##############
##.........@h.#######
##...#########.#.....#
##.#.#.###### #.#.....######
#...........###.#.....[....$
#..#.#.####<##...........#
#.#...## ##.##..#.....#.....
#.##.## #............5.....
#.##.# #..##..##.#.##...#.
#.##.#####..##.....#># .....


You could see Natasha.

Vanquished Creatures
  An adder (D:2)
  A leopard gecko (D:1)
  A giant cockroach (D:1)
  4 hobgoblins (D:1)
  2 jackals (D:1)
  3 bats (D:1)
  2 goblins (D:1)
  2 kobolds (D:1)
  4 rats
20 creatures vanquished.

Notes
Turn   | Place    | Note
-------+----------+-------------------------------------------
     0 | D:1      | Ethylacetat the Demonspawn Transmuter began the quest for the Orb.
     0 | D:1      | Reached XP level 1. HP: 15/15 MP: 3/3
   570 | D:1      | Gained mutation: Your movements are slightly less encumbered by armour. (ER -2) [demonic ancestry]
   570 | D:1      | Reached XP level 2. HP: 13/21 MP: 5/5
   673 | D:1      | Reached skill level 3 in Unarmed Combat
  1020 | D:2      | Reached XP level 3. HP: 13/26 MP: 6/6
  1077 | D:2      | Learned a level 3 spell: Spider Form
  1123 | D:2      | Noticed Natasha
  1142 | D:2      | HP: 1/26 [something (1)]
  1142 | D:2      | Slain by Natasha

Skill      XL: |  1  2 |
---------------+-------+-----
Unarmed Combat | 3 |  3.2
Transmutations | 2 |  2.1
Fighting       | |  1.4
Dodging        | |  1.7
Spellcasting   | |  2.3

Action                   || total
-------------------------++-------
Melee: Unarmed           ||    68
       Punch             ||     1
       Kick              ||     1
 Cast: Beastly Appendage ||     1
  Use: Potion            ||     1
Armor: Robe              ||    10
Dodge: Dodged            ||    49
